3123 views
Uploaded 2019-12-04 22:53:26
Game version 1.32.0.3 / 1.32.0.3.1
33:01 long 3on3 ladder game on (6)Monsoon_LV
Saved by BEARAND
3123 views
Uploaded 2019-12-04 22:53:26
Game version 1.32.0.3 / 1.32.0.3.1
33:01 long 3on3 ladder game on (6)Monsoon_LV


160 units @ 13.1k
/ 1k
330 buildings @ 31.8k
/ 16.4k
ChuckleMan
(103)
(33:08) : 

| Moonstone | 2 | 100 |
| Potion of Mana | 1 | 200 |
| Lesser Clarity Potion | 1 | 70 |
| Boots of Speed | 2 | 500 |
| Staff of Teleportation | 2 | 300 |
| Circlet of Nobility | 1 | 175 |
| Staff of Sanctuary | 2 | 500 |
| Orb of Lightning | 2 | 750 |
| total: | 13 | 2595g |
| Wisp | 91 | 5460 | / | 0 |
| total: | 91 | 5460g | / | 0w |
| Ancient Protector | 39 | 5265 | / | 3120 |
| Altar of Elders | 1 | 180 | / | 50 |
| Moon Well | 40 | 7200 | / | 1600 |
| Hunter's Hall | 1 | 210 | / | 100 |
| Tree of Life | 4 | 1360 | / | 740 |
| Ancient of Wonders | 3 | 270 | / | 90 |
| Ancient of Wind | 1 | 150 | / | 140 |
| Tree of Ages | 1 | 320 | / | 180 |
| Tree of Eternity | 1 | 330 | / | 200 |
| total: | 89 | 14635g | / | 5840w |
| 0:03 | Wisp |
| 0:03 | Wisp |
| 0:06 | Altar of Elders |
| 0:11 | Moon Well |
| 0:24 | Wisp |
| 0:34 | Wisp |
| 0:50 | Wisp |
| 0:50 | Wisp |
| 0:58 | Wisp |
| 1:15 | Moon Well |
| 1:18 | Wisp |
| 1:32 | Wisp |
| 1:48 | Wisp |
| 2:00 | Wisp |
| 2:14 | Entangling Roots |
| 2:18 | Wisp |
| 2:19 | Wisp |
| 3:03 | Wisp |
| 3:03 | Wisp |
| 3:17 | Moon Well |
| 3:21 | Moon Well |
| 3:34 | Moon Well |
| 3:39 | Wisp |
| 4:06 | Wisp |
| 4:14 | Moon Well |
| 4:42 | Wisp |
| 5:18 | Moon Well |
| 5:20 | Tree of Ages |
| 5:35 | Boots of Speed |
| 5:47 | Moon Well |
| 6:45 | Moon Well |
| 6:48 | Hunter's Hall |
| 7:41 | Tree of Eternity |
| 8:10 | Moon Well |
| 8:23 | Ultravision |
| 8:40 | Moon Well |
| 8:49 | Staff of Teleportation |
| 9:30 | Moon Well |
| 9:38 | Thorns Aura |
| 10:19 | Well Spring |
| 10:27 | Wisp |
| 10:28 | Wisp |
| 10:28 | Wisp |
| 10:28 | Wisp |
| 10:54 | Wisp |
| 10:54 | Wisp |
| 11:00 | Tree of Life |
| 11:21 | Frost Arrows |
| 12:01 | Moon Well |
| 12:13 | Strength of the Wild |
| 12:26 | Wisp |
| 12:26 | Wisp |
| 12:26 | Wisp |
| 12:26 | Wisp |
| 12:40 | Staff of Sanctuary |
| 13:17 | Orb of Lightning |
| 14:14 | Nature's Blessing |
| 14:43 | Wisp |
| 14:44 | Wisp |
| 14:49 | Entangling Roots |
| 14:54 | Boots of Speed |
| 14:54 | Staff of Teleportation |
| 15:15 | Ancient of Wind |
| 15:17 | Improved Strength of the Wild |
| 15:17 | Reinforced Hides |
| 15:23 | Ancient of Wonders |
| 15:26 | Ancient of Wonders |
| 16:54 | Moon Well |
| 16:54 | Moon Well |
| 16:54 | Moon Well |
| 16:55 | Moon Well |
| 16:55 | Moon Well |
| 16:56 | Moon Well |
| 16:56 | Moon Well |
| 17:10 | Ancient of Wonders |
| 17:17 | Moonstone |
| 17:19 | Potion of Mana |
| 18:28 | Moon Well |
| 18:28 | Moon Well |
| 18:35 | Moon Well |
| 18:37 | Moon Well |
| 18:44 | Lesser Clarity Potion |
| 18:45 | Orb of Lightning |
| 19:14 | Moon Well |
| 19:14 | Moon Well |
| 19:14 | Moon Well |
| 19:15 | Moon Well |
| 19:15 | Moon Well |
| 19:18 | Moonstone |
| 19:25 | Wisp |
| 19:25 | Wisp |
| 19:25 | Wisp |
| 19:25 | Wisp |
| 19:42 | Staff of Sanctuary |
| 20:27 | Wisp |
| 20:27 | Wisp |
| 20:27 | Wisp |
| 20:28 | Wisp |
| 20:51 | Forked Lightning |
| 21:16 | Moon Well |
| 21:17 | Moon Well |
| 21:34 | Moon Well |
| 21:38 | Moon Well |
| 21:38 | Moon Well |
| 21:39 | Moon Well |
| 21:39 | Moon Well |
| 22:02 | Moon Well |
| 22:03 | Moon Well |
| 23:07 | Thorns Aura |
| 24:13 | Frost Arrows |
| 24:26 | Moon Well |
| 24:27 | Moon Well |
| 25:11 | Wisp |
| 25:11 | Wisp |
| 25:11 | Wisp |
| 25:11 | Wisp |
| 25:21 | Circlet of Nobility |
| 26:05 | Tree of Life |
| 26:12 | Tree of Life |
| 26:42 | Wisp |
| 26:42 | Wisp |
| 26:42 | Wisp |
| 26:43 | Wisp |
| 26:43 | Wisp |
| 26:43 | Wisp |
| 26:44 | Wisp |
| 26:45 | Wisp |
| 26:45 | Wisp |
| 26:45 | Wisp |
| 26:45 | Wisp |
| 26:45 | Wisp |
| 26:45 | Wisp |
| 26:46 | Wisp |
| 27:05 | Tree of Life |
| 27:17 | Entangling Roots |
| 27:24 | Ancient Protector |
| 27:26 | Ancient Protector |
| 27:37 | Ancient Protector |
| 27:38 | Ancient Protector |
| 27:39 | Ancient Protector |
| 27:40 | Ancient Protector |
| 27:41 | Ancient Protector |
| 27:42 | Ancient Protector |
| 27:45 | Ancient Protector |
| 27:47 | Ancient Protector |
| 27:48 | Ancient Protector |
| 27:50 | Ancient Protector |
| 27:52 | Wisp |
| 27:53 | Wisp |
| 27:53 | Wisp |
| 27:53 | Wisp |
| 27:54 | Wisp |
| 27:54 | Wisp |
| 27:54 | Wisp |
| 27:55 | Wisp |
| 27:55 | Wisp |
| 28:01 | Ancient Protector |
| 28:01 | Ancient Protector |
| 28:06 | Ancient Protector |
| 28:59 | Wisp |
| 28:59 | Wisp |
| 28:59 | Wisp |
| 29:00 | Wisp |
| 29:00 | Wisp |
| 29:10 | Mana Shield |
| 29:36 | Ancient Protector |
| 29:37 | Ancient Protector |
| 29:37 | Ancient Protector |
| 29:38 | Ancient Protector |
| 29:39 | Wisp |
| 29:40 | Wisp |
| 29:40 | Wisp |
| 29:40 | Wisp |
| 29:40 | Wisp |
| 29:40 | Wisp |
| 29:40 | Wisp |
| 29:58 | Wisp |
| 29:58 | Wisp |
| 29:58 | Wisp |
| 30:02 | Ancient Protector |
| 30:02 | Ancient Protector |
| 30:07 | Ancient Protector |
| 30:07 | Ancient Protector |
| 30:16 | Wisp |
| 30:16 | Wisp |
| 30:16 | Wisp |
| 30:17 | Wisp |
| 30:17 | Wisp |
| 30:19 | Ancient Protector |
| 30:19 | Ancient Protector |
| 30:27 | Ancient Protector |
| 30:28 | Ancient Protector |
| 30:33 | Ancient Protector |
| 30:37 | Ancient Protector |
| 30:43 | Wisp |
| 30:43 | Wisp |
| 30:43 | Wisp |
| 30:43 | Wisp |
| 30:44 | Wisp |
| 31:12 | Ancient Protector |
| 31:12 | Ancient Protector |
| 31:14 | Ancient Protector |
| 31:18 | Ancient Protector |
| 31:19 | Ancient Protector |
| 31:20 | Ancient Protector |
| 31:20 | Ancient Protector |
| 31:25 | Ancient Protector |
| 32:00 | Ancient Protector |
| 32:07 | Ancient Protector |
| 32:18 | Wisp |
| Right click | 1459 |
| Select group | 432 |
| Select | 353 |
| Build/train/purchase | 194 |
| Resource trade | 176 |
| Chat | 119 |
| Misc. action | 109 |
| Use ability | 86 |
| Item give/drop | 27 |
| Assign group | 23 |
| Esc | 14 |



x1)
| Staff of Sanctuary | 3 | 750 |
| Boots of Speed | 3 | 750 |
| Staff of Teleportation | 3 | 450 |
| Tome of Retraining | 1 | 300 |
| Periapt of Vitality | 1 | 325 |
| Circlet of Nobility | 1 | 175 |
| Healing Salve | 2 | 200 |
| Orb of Lightning | 4 | 1500 |
| total: | 18 | 4450g |
| Peasant | 21 | 1575 | / | 0 |
| Priest | 5 | 675 | / | 50 |
| Dragonhawk Rider | 4 | 800 | / | 120 |
| total: | 30 | 3050g | / | 170w |
| Scout Tower | 134 | 4020 | / | 2680 |
| Guard Tower | 48 | 3360 | / | 2400 |
| Arcane Tower | 5 | 350 | / | 250 |
| Altar of Kings | 1 | 180 | / | 50 |
| Farm | 5 | 400 | / | 100 |
| Lumber Mill | 1 | 120 | / | 0 |
| Town Hall | 1 | 385 | / | 205 |
| Arcane Vault | 4 | 520 | / | 120 |
| Blacksmith | 1 | 140 | / | 60 |
| Barracks | 1 | 160 | / | 60 |
| Arcane Sanctum | 1 | 150 | / | 140 |
| Gryphon Aviary | 1 | 140 | / | 150 |
| Keep | 1 | 320 | / | 210 |
| Castle | 1 | 360 | / | 210 |
| total: | 150 | 6215g | / | 3565w |
| 0:02 | Peasant |
| 0:02 | Peasant |
| 0:08 | Altar of Kings |
| 0:20 | Farm |
| 0:31 | Peasant |
| 0:38 | Peasant |
| 0:45 | Farm |
| 0:49 | Lumber Mill |
| 1:06 | Peasant |
| 1:07 | Peasant |
| 1:32 | Peasant |
| 1:40 | Scout Tower |
| 1:44 | Peasant |
| 2:04 | Scout Tower |
| 2:07 | Scout Tower |
| 2:09 | Summon Water Elemental |
| 2:13 | Scout Tower |
| 2:13 | Guard Tower |
| 2:19 | Scout Tower |
| 2:48 | Guard Tower |
| 2:49 | Scout Tower |
| 2:50 | Scout Tower |
| 2:52 | Peasant |
| 2:52 | Peasant |
| 2:52 | Peasant |
| 2:54 | Guard Tower |
| 2:55 | Scout Tower |
| 2:57 | Scout Tower |
| 3:02 | Peasant |
| 3:17 | Guard Tower |
| 3:18 | Scout Tower |
| 3:19 | Scout Tower |
| 3:20 | Scout Tower |
| 3:20 | Scout Tower |
| 3:33 | Guard Tower |
| 3:43 | Brilliance Aura |
| 4:02 | Guard Tower |
| 4:04 | Scout Tower |
| 4:05 | Guard Tower |
| 4:20 | Guard Tower |
| 4:29 | Improved Masonry |
| 4:37 | Scout Tower |
| 4:37 | Scout Tower |
| 4:42 | Guard Tower |
| 4:43 | Scout Tower |
| 4:45 | Scout Tower |
| 4:47 | Scout Tower |
| 4:47 | Scout Tower |
| 4:49 | Boots of Speed |
| 4:49 | Staff of Teleportation |
| 5:10 | Guard Tower |
| 5:56 | Keep |
| 6:00 | Healing Salve |
| 6:05 | Guard Tower |
| 6:08 | Town Hall |
| 6:10 | Scout Tower |
| 6:15 | Scout Tower |
| 6:37 | Scout Tower |
| 6:45 | Guard Tower |
| 6:50 | Farm |
| 7:13 | Guard Tower |
| 7:25 | Summon Water Elemental |
| 8:28 | Improved Lumber Harvesting |
| 8:28 | Advanced Masonry |
| 8:31 | Scout Tower |
| 8:31 | Scout Tower |
| 8:33 | Scout Tower |
| 8:34 | Scout Tower |
| 8:35 | Scout Tower |
| 8:37 | Scout Tower |
| 8:37 | Scout Tower |
| 8:54 | Castle |
| 8:59 | Arcane Vault |
| 9:06 | Scout Tower |
| 9:10 | Scout Tower |
| 9:21 | Scout Tower |
| 9:29 | Arcane Vault |
| 9:34 | Storm Bolt |
| 10:02 | Scout Tower |
| 10:02 | Scout Tower |
| 10:03 | Scout Tower |
| 10:04 | Scout Tower |
| 10:07 | Guard Tower |
| 10:08 | Scout Tower |
| 10:09 | Scout Tower |
| 10:11 | Arcane Tower |
| 10:11 | Arcane Tower |
| 10:15 | Arcane Vault |
| 10:18 | Arcane Vault |
| 10:20 | Guard Tower |
| 10:21 | Peasant |
| 10:21 | Peasant |
| 10:21 | Peasant |
| 10:21 | Peasant |
| 10:23 | Scout Tower |
| 10:24 | Scout Tower |
| 10:24 | Guard Tower |
| 10:25 | Guard Tower |
| 11:03 | Healing Salve |
| 11:10 | Guard Tower |
| 11:11 | Scout Tower |
| 11:13 | Scout Tower |
| 11:14 | Scout Tower |
| 11:15 | Imbued Masonry |
| 11:15 | Advanced Lumber Harvesting |
| 11:32 | Tome of Retraining |
| 11:32 | Retrain Hero |
| 11:34 | Blizzard |
| 11:34 | Brilliance Aura |
| 11:34 | Blizzard |
| 11:36 | Staff of Teleportation |
| 11:41 | Guard Tower |
| 11:41 | Guard Tower |
| 11:44 | Guard Tower |
| 12:02 | Peasant |
| 12:04 | Peasant |
| 12:04 | Peasant |
| 12:06 | Peasant |
| 12:12 | Guard Tower |
| 12:25 | Guard Tower |
| 12:27 | Scout Tower |
| 12:28 | Scout Tower |
| 12:28 | Scout Tower |
| 12:29 | Scout Tower |
| 12:31 | Scout Tower |
| 12:32 | Scout Tower |
| 12:32 | Scout Tower |
| 12:32 | Scout Tower |
| 12:36 | Scout Tower |
| 12:37 | Scout Tower |
| 12:37 | Scout Tower |
| 12:38 | Scout Tower |
| 12:40 | Scout Tower |
| 12:40 | Scout Tower |
| 12:41 | Scout Tower |
| 12:43 | Arcane Sanctum |
| 12:46 | Guard Tower |
| 12:51 | Scout Tower |
| 12:52 | Scout Tower |
| 12:53 | Scout Tower |
| 12:55 | Scout Tower |
| 12:55 | Scout Tower |
| 12:56 | Scout Tower |
| 12:56 | Scout Tower |
| 12:57 | Arcane Tower |
| 13:04 | Arcane Tower |
| 13:13 | Boots of Speed |
| 13:35 | Staff of Sanctuary |
| 14:08 | Staff of Sanctuary |
| 14:21 | Orb of Lightning |
| 14:21 | Orb of Lightning |
| 14:29 | Guard Tower |
| 14:30 | Guard Tower |
| 14:53 | Guard Tower |
| 14:54 | Arcane Tower |
| 15:00 | Holy Light |
| 15:08 | Guard Tower |
| 15:16 | Scout Tower |
| 15:16 | Scout Tower |
| 15:17 | Scout Tower |
| 15:20 | Scout Tower |
| 15:21 | Scout Tower |
| 15:35 | Guard Tower |
| 15:36 | Guard Tower |
| 15:39 | Scout Tower |
| 15:39 | Scout Tower |
| 15:40 | Scout Tower |
| 15:40 | Scout Tower |
| 15:43 | Guard Tower |
| 15:50 | Guard Tower |
| 15:55 | Priest |
| 15:55 | Priest |
| 15:56 | Magic Sentry |
| 15:57 | Priest |
| 15:57 | Priest |
| 16:05 | Staff of Sanctuary |
| 16:38 | Orb of Lightning |
| 16:38 | Orb of Lightning |
| 17:24 | Scout Tower |
| 18:04 | Farm |
| 18:32 | Guard Tower |
| 18:33 | Scout Tower |
| 18:34 | Scout Tower |
| 18:34 | Scout Tower |
| 18:35 | Scout Tower |
| 18:45 | Bash |
| 19:08 | Scout Tower |
| 19:08 | Scout Tower |
| 19:09 | Scout Tower |
| 19:09 | Scout Tower |
| 19:10 | Scout Tower |
| 19:11 | Scout Tower |
| 19:11 | Scout Tower |
| 19:12 | Scout Tower |
| 19:25 | Scout Tower |
| 19:26 | Scout Tower |
| 19:26 | Scout Tower |
| 19:30 | Priest |
| 19:32 | Farm |
| 19:40 | Boots of Speed |
| 19:40 | Staff of Teleportation |
| 19:44 | Periapt of Vitality |
| 19:45 | Circlet of Nobility |
| 19:51 | Guard Tower |
| 20:02 | Gryphon Aviary |
| 20:02 | Blacksmith |
| 20:03 | Barracks |
| 20:14 | Guard Tower |
| 20:17 | Scout Tower |
| 20:17 | Scout Tower |
| 20:18 | Scout Tower |
| 20:18 | Scout Tower |
| 20:18 | Scout Tower |
| 20:19 | Scout Tower |
| 20:26 | Scout Tower |
| 20:26 | Scout Tower |
| 20:27 | Scout Tower |
| 20:27 | Scout Tower |
| 20:27 | Scout Tower |
| 20:38 | Guard Tower |
| 20:41 | Guard Tower |
| 20:54 | Guard Tower |
| 20:59 | Scout Tower |
| 21:00 | Scout Tower |
| 21:05 | Scout Tower |
| 21:06 | Scout Tower |
| 21:07 | Scout Tower |
| 21:07 | Scout Tower |
| 21:08 | Scout Tower |
| 21:13 | Peasant |
| 21:17 | Guard Tower |
| 21:20 | Scout Tower |
| 21:20 | Scout Tower |
| 21:55 | Guard Tower |
| 22:00 | Divine Shield |
| 22:07 | Scout Tower |
| 22:09 | Scout Tower |
| 22:09 | Scout Tower |
| 22:15 | Guard Tower |
| 22:18 | Scout Tower |
| 22:19 | Scout Tower |
| 22:20 | Scout Tower |
| 22:20 | Scout Tower |
| 22:52 | Dragonhawk Rider |
| 22:52 | Dragonhawk Rider |
| 22:58 | Guard Tower |
| 23:06 | Brilliance Aura |
| 23:48 | Scout Tower |
| 24:32 | Scout Tower |
| 24:33 | Scout Tower |
| 24:33 | Scout Tower |
| 24:33 | Scout Tower |
| 24:34 | Scout Tower |
| 24:34 | Scout Tower |
| 24:35 | Scout Tower |
| 24:37 | Holy Light |
| 24:52 | Scout Tower |
| 25:02 | Scout Tower |
| 25:04 | Scout Tower |
| 25:05 | Scout Tower |
| 25:05 | Scout Tower |
| 25:06 | Scout Tower |
| 25:06 | Scout Tower |
| 25:07 | Scout Tower |
| 25:16 | Dragonhawk Rider |
| 25:17 | Dragonhawk Rider |
| 25:17 | Iron Forged Swords |
| 25:18 | Cloud |
| 25:42 | Storm Bolt |
| 26:00 | Guard Tower |
| 26:44 | Guard Tower |
| 26:50 | Animal War Training |
| 26:51 | Steel Forged Swords |
| 26:53 | Blizzard |
| 31:41 | Guard Tower |
| Right click | 2698 |
| Select | 724 |
| Select group | 345 |
| Build/train/purchase | 255 |
| Chat | 201 |
| Use ability | 115 |
| Misc. action | 27 |
| Assign group | 19 |
| Item give/drop | 17 |
| Minimap ping | 12 |
| Resource trade | 5 |
| Remove unit | 3 |



| Lesser Clarity Potion | 4 | 280 |
| Healing Salve | 3 | 300 |
| Orb of Lightning | 2 | 750 |
| Potion of Healing | 1 | 150 |
| Staff of Teleportation | 3 | 450 |
| Boots of Speed | 3 | 750 |
| Staff of Sanctuary | 3 | 750 |
| total: | 19 | 3430g |
| Peon | 19 | 1425 | / | 0 |
| Troll Batrider | 20 | 3200 | / | 800 |
| total: | 39 | 4625g | / | 800w |
| Watch Tower | 78 | 8580 | / | 6240 |
| Altar of Storms | 1 | 180 | / | 50 |
| Orc Burrow | 3 | 480 | / | 120 |
| Voodoo Lounge | 3 | 390 | / | 90 |
| War Mill | 3 | 615 | / | 0 |
| Great Hall | 1 | 385 | / | 185 |
| Beastiary | 2 | 290 | / | 280 |
| Stronghold | 1 | 315 | / | 190 |
| Fortress | 1 | 325 | / | 190 |
| total: | 91 | 10920g | / | 6965w |
| 0:04 | Peon |
| 0:09 | Altar of Storms |
| 0:11 | Peon |
| 0:21 | Orc Burrow |
| 0:23 | Peon |
| 0:39 | Peon |
| 0:44 | Voodoo Lounge |
| 0:55 | Peon |
| 1:03 | Peon |
| 1:18 | War Mill |
| 1:20 | Peon |
| 1:35 | Peon |
| 1:40 | Orc Burrow |
| 1:43 | Peon |
| 1:55 | Peon |
| 2:14 | Shockwave |
| 2:35 | Watch Tower |
| 2:35 | Watch Tower |
| 2:38 | Watch Tower |
| 2:39 | Watch Tower |
| 2:43 | Peon |
| 2:43 | Peon |
| 2:43 | Peon |
| 2:48 | Watch Tower |
| 2:58 | Lesser Clarity Potion |
| 3:28 | Stronghold |
| 3:41 | Spiked Barricades |
| 3:50 | Watch Tower |
| 4:05 | Endurance Aura |
| 4:11 | Watch Tower |
| 4:32 | Staff of Teleportation |
| 4:32 | Boots of Speed |
| 4:42 | Watch Tower |
| 4:42 | Watch Tower |
| 4:56 | Watch Tower |
| 4:58 | Watch Tower |
| 5:59 | Lesser Clarity Potion |
| 6:01 | Healing Salve |
| 6:12 | Watch Tower |
| 6:13 | Fortress |
| 6:40 | Watch Tower |
| 6:40 | Watch Tower |
| 6:41 | Watch Tower |
| 6:42 | Watch Tower |
| 6:43 | Watch Tower |
| 6:44 | Watch Tower |
| 7:20 | Hex |
| 7:44 | Watch Tower |
| 8:45 | Watch Tower |
| 8:45 | Watch Tower |
| 8:46 | Watch Tower |
| 8:48 | Watch Tower |
| 8:48 | Watch Tower |
| 8:54 | Voodoo Lounge |
| 8:59 | Voodoo Lounge |
| 9:07 | Watch Tower |
| 9:07 | Watch Tower |
| 9:08 | Watch Tower |
| 9:36 | Shockwave |
| 9:46 | Great Hall |
| 10:04 | Lesser Clarity Potion |
| 10:06 | Orb of Lightning |
| 10:23 | Orc Burrow |
| 10:55 | Reinforced Defenses |
| 10:59 | Watch Tower |
| 10:59 | Watch Tower |
| 11:21 | Watch Tower |
| 12:13 | Rain of Fire |
| 12:22 | Beastiary |
| 12:24 | Watch Tower |
| 12:24 | Watch Tower |
| 12:30 | Watch Tower |
| 12:30 | Watch Tower |
| 12:34 | Peon |
| 12:34 | Peon |
| 12:35 | Peon |
| 12:35 | Peon |
| 12:44 | Staff of Teleportation |
| 12:44 | Boots of Speed |
| 13:00 | Staff of Sanctuary |
| 13:09 | Boots of Speed |
| 13:24 | Watch Tower |
| 13:32 | Watch Tower |
| 13:54 | Healing Wave |
| 14:29 | Watch Tower |
| 14:29 | Watch Tower |
| 14:47 | Watch Tower |
| 15:29 | Orb of Lightning |
| 15:46 | Staff of Teleportation |
| 15:51 | Watch Tower |
| 15:58 | Staff of Sanctuary |
| 15:59 | Staff of Sanctuary |
| 16:23 | Troll Batrider |
| 16:23 | Troll Batrider |
| 16:23 | Troll Batrider |
| 16:25 | Beastiary |
| 16:26 | Troll Batrider |
| 16:55 | Potion of Healing |
| 17:28 | Watch Tower |
| 17:31 | Watch Tower |
| 17:37 | Troll Batrider |
| 17:46 | Healing Salve |
| 18:36 | Cleaving Attack |
| 19:11 | Watch Tower |
| 19:13 | Watch Tower |
| 19:17 | Watch Tower |
| 19:18 | Watch Tower |
| 19:21 | Troll Batrider |
| 19:21 | Troll Batrider |
| 19:22 | Liquid Fire |
| 19:23 | Troll Batrider |
| 19:29 | Lesser Clarity Potion |
| 19:33 | Healing Salve |
| 19:51 | Watch Tower |
| 19:53 | Watch Tower |
| 20:01 | Watch Tower |
| 20:21 | Watch Tower |
| 20:38 | Watch Tower |
| 21:02 | Watch Tower |
| 21:03 | Troll Batrider |
| 21:03 | Troll Batrider |
| 21:08 | Peon |
| 21:11 | Healing Wave |
| 21:31 | Watch Tower |
| 21:55 | Watch Tower |
| 22:02 | Troll Batrider |
| 22:36 | Endurance Aura |
| 23:23 | Watch Tower |
| 23:27 | Troll Batrider |
| 23:27 | Troll Batrider |
| 23:29 | Endurance Aura |
| 23:55 | Troll Batrider |
| 23:55 | Troll Batrider |
| 24:27 | Watch Tower |
| 24:29 | Watch Tower |
| 25:12 | Steel Ranged Weapons |
| 25:35 | Watch Tower |
| 26:20 | Shockwave |
| 26:30 | Troll Batrider |
| 26:30 | Troll Batrider |
| 26:31 | Troll Batrider |
| 27:02 | Watch Tower |
| 27:29 | Serpent Ward |
| 28:02 | Troll Batrider |
| 28:03 | Troll Batrider |
| 28:05 | Watch Tower |
| 28:07 | Watch Tower |
| 28:07 | Watch Tower |
| 28:07 | Watch Tower |
| 28:11 | Watch Tower |
| 28:11 | Watch Tower |
| 28:12 | Watch Tower |
| 29:16 | Watch Tower |
| 29:23 | Watch Tower |
| 29:34 | Watch Tower |
| 29:46 | Watch Tower |
| 29:47 | Watch Tower |
| 30:03 | Watch Tower |
| 30:08 | Watch Tower |
| 30:09 | Watch Tower |
| 30:09 | Watch Tower |
| 30:11 | Watch Tower |
| 30:12 | Watch Tower |
| 30:54 | War Mill |
| 31:25 | Peon |
| 31:31 | War Mill |
| 31:48 | Pillage |
| 32:56 | Watch Tower |
| Right click | 2086 |
| Select group | 1568 |
| Select | 326 |
| Chat | 154 |
| Use ability | 141 |
| Misc. action | 137 |
| Build/train/purchase | 109 |
| Assign group | 23 |
| Minimap ping | 19 |
| Item give/drop | 17 |
| Esc | 4 |
137 units @ 21.2k
/ 3.6k
137 buildings @ 12.8k
/ 5.8k


| Scroll of Healing | 1 | 250 |
| total: | 1 | 250g |
| Acolyte | 6 | 450 | / | 0 |
| Ghoul | 3 | 360 | / | 0 |
| Crypt Fiend | 9 | 1935 | / | 360 |
| Frost Wyrm | 4 | 1540 | / | 480 |
| total: | 22 | 4285g | / | 840w |
| Spirit Tower | 1 | 145 | / | 40 |
| Graveyard | 1 | 215 | / | 0 |
| Crypt | 1 | 200 | / | 50 |
| Altar of Darkness | 1 | 180 | / | 50 |
| Ziggurat | 7 | 1050 | / | 350 |
| Tomb of Relics | 1 | 130 | / | 30 |
| Sacrificial Pit | 1 | 75 | / | 150 |
| Boneyard | 3 | 525 | / | 600 |
| Halls of the Dead | 1 | 320 | / | 210 |
| Black Citadel | 1 | 325 | / | 230 |
| total: | 15 | 2375g | / | 1230w |
| 0:05 | Acolyte |
| 0:05 | Acolyte |
| 0:08 | Graveyard |
| 0:17 | Crypt |
| 0:42 | Altar of Darkness |
| 1:03 | Ziggurat |
| 1:22 | Ghoul |
| 1:25 | Ziggurat |
| 1:36 | Ghoul |
| 1:57 | Crypt Fiend |
| 2:19 | Crypt Fiend |
| 2:54 | Death Coil |
| 3:19 | Crypt Fiend |
| 3:20 | Halls of the Dead |
| 3:38 | Tomb of Relics |
| 3:43 | Ziggurat |
| 4:30 | Crypt Fiend |
| 4:32 | Creature Attack |
| 4:45 | Crypt Fiend |
| 5:19 | Crypt Fiend |
| 5:33 | Unholy Aura |
| 6:14 | Web |
| 6:18 | Ziggurat |
| 6:51 | Black Citadel |
| 7:08 | Death Coil |
| 7:23 | Crypt Fiend |
| 7:50 | Frost Nova |
| 8:11 | Spirit Tower |
| 8:42 | Dark Ritual |
| 9:24 | Acolyte |
| 9:24 | Acolyte |
| 9:25 | Acolyte |
| 9:47 | Crypt Fiend |
| 9:51 | Sacrificial Pit |
| 10:19 | Creature Carapace |
| 10:25 | Ziggurat |
| 10:58 | Unholy Aura |
| 12:17 | Crypt Fiend |
| 12:21 | Boneyard |
| 12:23 | Boneyard |
| 12:25 | Boneyard |
| 12:29 | Ziggurat |
| 13:08 | Frost Nova |
| 13:52 | Ziggurat |
| 14:08 | Ghoul |
| 14:35 | Freezing Breath |
| 15:39 | Improved Creature Attack |
| 17:30 | Frost Wyrm |
| 17:30 | Frost Wyrm |
| 17:43 | Death Coil |
| 17:47 | Dark Ritual |
| 19:10 | Improved Creature Carapace |
| 19:11 | Frost Wyrm |
| 20:33 | Advanced Creature Attack |
| 21:14 | Frost Wyrm |
| 21:45 | Scroll of Healing |
| 22:55 | Acolyte |
| Right click | 1655 |
| Select | 455 |
| Assign group | 106 |
| Chat | 63 |
| Use ability | 57 |
| Build/train/purchase | 52 |
| Item give/drop | 1 |
| Select group | 1 |
| Minimap ping | 1 |


| Scroll of Regeneration | 2 | 200 |
| Lesser Clarity Potion | 2 | 140 |
| Scroll of Healing | 1 | 250 |
| Scroll of Protection | 1 | 150 |
| total: | 6 | 740g |
| Peasant | 28 | 2100 | / | 0 |
| Rifleman | 5 | 1025 | / | 150 |
| Dragonhawk Rider | 13 | 2600 | / | 390 |
| Gryphon Rider | 8 | 2240 | / | 560 |
| Knight | 2 | 490 | / | 120 |
| Siege Engine | 4 | 780 | / | 240 |
| Acolyte | 4 | 300 | / | 0 |
| total: | 64 | 9535g | / | 1460w |
| Scout Tower | 57 | 1710 | / | 1140 |
| Arcane Tower | 3 | 210 | / | 150 |
| Guard Tower | 8 | 560 | / | 400 |
| Altar of Kings | 1 | 180 | / | 50 |
| Blacksmith | 1 | 140 | / | 60 |
| Farm | 13 | 1040 | / | 260 |
| Barracks | 1 | 160 | / | 60 |
| Arcane Vault | 2 | 260 | / | 60 |
| Town Hall | 2 | 770 | / | 410 |
| Lumber Mill | 2 | 240 | / | 0 |
| Gryphon Aviary | 4 | 560 | / | 600 |
| Keep | 1 | 320 | / | 210 |
| Castle | 1 | 360 | / | 210 |
| Spirit Tower | 3 | 435 | / | 120 |
| Ziggurat | 10 | 1500 | / | 500 |
| Necropolis | 3 | 675 | / | 0 |
| total: | 96 | 7235g | / | 3140w |
| 0:09 | Peasant |
| 0:09 | Peasant |
| 0:24 | Altar of Kings |
| 0:40 | Blacksmith |
| 0:44 | Farm |
| 0:46 | Peasant |
| 0:52 | Peasant |
| 1:02 | Barracks |
| 1:40 | Farm |
| 1:44 | Peasant |
| 1:49 | Peasant |
| 2:05 | Rifleman |
| 2:16 | Peasant |
| 2:36 | Flame Strike |
| 2:37 | Rifleman |
| 2:51 | Arcane Vault |
| 2:54 | Arcane Vault |
| 3:53 | Siphon Mana |
| 4:18 | Scout Tower |
| 4:24 | Scroll of Regeneration |
| 4:24 | Lesser Clarity Potion |
| 4:47 | Arcane Tower |
| 4:49 | Peasant |
| 4:49 | Peasant |
| 4:49 | Peasant |
| 5:01 | Town Hall |
| 5:05 | Rifleman |
| 5:21 | Scout Tower |
| 5:27 | Peasant |
| 5:46 | Farm |
| 5:49 | Scout Tower |
| 6:21 | Lumber Mill |
| 6:21 | Peasant |
| 6:22 | Peasant |
| 6:26 | Farm |
| 6:44 | Scroll of Regeneration |
| 6:44 | Lesser Clarity Potion |
| 7:14 | Peasant |
| 7:14 | Peasant |
| 7:20 | Arcane Tower |
| 7:43 | Peasant |
| 7:43 | Peasant |
| 8:15 | Guard Tower |
| 8:34 | Peasant |
| 8:34 | Peasant |
| 8:39 | Guard Tower |
| 8:46 | Keep |
| 8:58 | Scout Tower |
| 9:01 | Scout Tower |
| 9:08 | Rifleman |
| 9:22 | Improved Masonry |
| 9:30 | Guard Tower |
| 9:33 | Peasant |
| 9:40 | Farm |
| 9:44 | Farm |
| 9:49 | Rifleman |
| 10:49 | Guard Tower |
| 10:53 | Iron Forged Swords |
| 10:54 | Iron Plating |
| 11:10 | Gryphon Aviary |
| 11:12 | Gryphon Aviary |
| 11:15 | Improved Lumber Harvesting |
| 11:16 | Peasant |
| 11:16 | Peasant |
| 11:18 | Peasant |
| 11:18 | Peasant |
| 11:18 | Peasant |
| 11:20 | Farm |
| 12:06 | Flame Strike |
| 12:07 | Scroll of Protection |
| 12:09 | Scroll of Healing |
| 12:13 | Gryphon Aviary |
| 12:18 | Advanced Masonry |
| 12:19 | Peasant |
| 12:19 | Peasant |
| 12:22 | Peasant |
| 12:23 | Farm |
| 12:56 | Dragonhawk Rider |
| 12:59 | Castle |
| 13:28 | Dragonhawk Rider |
| 13:30 | Dragonhawk Rider |
| 13:35 | Farm |
| 13:37 | Farm |
| 13:38 | Farm |
| 13:41 | Steel Plating |
| 14:19 | Dragonhawk Rider |
| 14:24 | Farm |
| 14:25 | Farm |
| 14:28 | Steel Forged Swords |
| 15:21 | Storm Hammers |
| 15:24 | Cloud |
| 15:25 | Dragonhawk Rider |
| 15:26 | Gryphon Rider |
| 15:26 | Dragonhawk Rider |
| 15:47 | Dragonhawk Rider |
| 15:51 | Gryphon Rider |
| 16:34 | Gryphon Rider |
| 16:35 | Dragonhawk Rider |
| 17:52 | Gryphon Rider |
| 17:52 | Dragonhawk Rider |
| 17:54 | Gryphon Aviary |
| 17:56 | Mithril Plating |
| 17:56 | Mithril Forged Swords |
| 19:16 | Dragonhawk Rider |
| 19:17 | Gryphon Rider |
| 19:18 | Dragonhawk Rider |
| 20:22 | Gryphon Rider |
| 20:23 | Dragonhawk Rider |
| 20:47 | Siphon Mana |
| 21:35 | Gryphon Rider |
| 21:35 | Dragonhawk Rider |
| 22:13 | Gryphon Rider |
| 22:37 | Holy Light |
| 23:58 | Siege Engine |
| 24:16 | Scout Tower |
| 24:17 | Scout Tower |
| 24:18 | Scout Tower |
| 24:18 | Scout Tower |
| 24:19 | Scout Tower |
| 24:19 | Scout Tower |
| 24:19 | Scout Tower |
| 24:19 | Scout Tower |
| 24:19 | Scout Tower |
| 24:19 | Scout Tower |
| 24:20 | Scout Tower |
| 24:20 | Scout Tower |
| 24:20 | Scout Tower |
| 24:20 | Scout Tower |
| 24:20 | Scout Tower |
| 24:21 | Scout Tower |
| 24:36 | Scout Tower |
| 24:36 | Scout Tower |
| 24:36 | Scout Tower |
| 24:37 | Scout Tower |
| 24:37 | Scout Tower |
| 24:37 | Scout Tower |
| 24:37 | Scout Tower |
| 24:38 | Scout Tower |
| 24:38 | Scout Tower |
| 24:39 | Scout Tower |
| 24:39 | Scout Tower |
| 24:39 | Scout Tower |
| 24:39 | Scout Tower |
| 24:39 | Scout Tower |
| 24:40 | Scout Tower |
| 24:41 | Scout Tower |
| 24:41 | Scout Tower |
| 24:42 | Scout Tower |
| 24:42 | Scout Tower |
| 24:42 | Scout Tower |
| 24:43 | Scout Tower |
| 24:43 | Scout Tower |
| 24:44 | Scout Tower |
| 24:44 | Scout Tower |
| 24:44 | Scout Tower |
| 24:44 | Scout Tower |
| 24:45 | Scout Tower |
| 24:49 | Imbued Masonry |
| 24:50 | Knight |
| 24:50 | Knight |
| 24:55 | Spirit Tower |
| 24:58 | Ziggurat |
| 24:59 | Ziggurat |
| 24:59 | Ziggurat |
| 24:59 | Ziggurat |
| 25:00 | Ziggurat |
| 25:01 | Ziggurat |
| 25:05 | Scout Tower |
| 25:06 | Scout Tower |
| 25:06 | Scout Tower |
| 25:06 | Scout Tower |
| 25:08 | Scout Tower |
| 25:09 | Scout Tower |
| 25:09 | Scout Tower |
| 25:16 | Guard Tower |
| 25:19 | Guard Tower |
| 25:40 | Ziggurat |
| 25:48 | Guard Tower |
| 26:00 | Spirit Tower |
| 26:17 | Guard Tower |
| 26:32 | Scout Tower |
| 26:34 | Lumber Mill |
| 26:58 | Scout Tower |
| 27:02 | Town Hall |
| 27:35 | Arcane Tower |
| 27:48 | Acolyte |
| 27:48 | Acolyte |
| 27:48 | Acolyte |
| 27:48 | Acolyte |
| 28:06 | Siege Engine |
| 28:06 | Siege Engine |
| 28:54 | Siege Engine |
| 29:28 | Spirit Tower |
| 29:29 | Ziggurat |
| 29:30 | Ziggurat |
| 29:33 | Ziggurat |
| 29:39 | Necropolis |
| 29:43 | Necropolis |
| 29:49 | Necropolis |
| Right click | 1267 |
| Select | 504 |
| Select group | 492 |
| Misc. action | 177 |
| Build/train/purchase | 129 |
| Chat | 127 |
| Assign group | 87 |
| Use ability | 52 |
| Resource trade | 20 |
| Minimap ping | 18 |
| Remove unit | 4 |
| Esc | 3 |


| Scroll of Regeneration | 3 | 300 |
| Scroll of Town Portal | 1 | 350 |
| total: | 4 | 650g |
| Peasant | 18 | 1350 | / | 0 |
| Footman | 6 | 810 | / | 0 |
| Rifleman | 14 | 2870 | / | 420 |
| Mortar Team | 10 | 1800 | / | 700 |
| Siege Engine | 3 | 585 | / | 180 |
| total: | 51 | 7415g | / | 1300w |
| Scout Tower | 2 | 60 | / | 40 |
| Arcane Tower | 2 | 140 | / | 100 |
| Altar of Kings | 1 | 180 | / | 50 |
| Farm | 13 | 1040 | / | 260 |
| Barracks | 1 | 160 | / | 60 |
| Lumber Mill | 1 | 120 | / | 0 |
| Blacksmith | 1 | 140 | / | 60 |
| Arcane Vault | 1 | 130 | / | 30 |
| Town Hall | 2 | 770 | / | 410 |
| Gryphon Aviary | 1 | 140 | / | 150 |
| Workshop | 2 | 280 | / | 280 |
| Arcane Sanctum | 1 | 150 | / | 140 |
| Keep | 1 | 320 | / | 210 |
| Castle | 1 | 360 | / | 210 |
| total: | 26 | 3170g | / | 1480w |
| 0:05 | Peasant |
| 0:05 | Peasant |
| 0:08 | Altar of Kings |
| 0:14 | Farm |
| 0:19 | Peasant |
| 0:37 | Barracks |
| 0:54 | Peasant |
| 0:54 | Peasant |
| 1:02 | Farm |
| 1:08 | Peasant |
| 1:36 | Peasant |
| 1:39 | Farm |
| 1:43 | Footman |
| 2:01 | Footman |
| 2:02 | Peasant |
| 2:03 | Peasant |
| 2:11 | Summon Water Elemental |
| 2:34 | Footman |
| 2:37 | Farm |
| 2:45 | Peasant |
| 2:45 | Peasant |
| 3:02 | Scout Tower |
| 3:09 | Scout Tower |
| 3:12 | Footman |
| 3:13 | Peasant |
| 3:34 | Arcane Tower |
| 3:54 | Keep |
| 3:56 | Farm |
| 4:01 | Lumber Mill |
| 4:10 | Brilliance Aura |
| 4:31 | Arcane Tower |
| 4:34 | Blacksmith |
| 5:02 | Footman |
| 5:04 | Farm |
| 5:06 | Farm |
| 5:16 | Arcane Vault |
| 5:21 | Footman |
| 5:36 | Farm |
| 5:57 | Rifleman |
| 6:47 | Town Hall |
| 7:11 | Rifleman |
| 7:25 | Storm Bolt |
| 7:46 | Summon Water Elemental |
| 8:01 | Rifleman |
| 8:22 | Peasant |
| 8:22 | Peasant |
| 8:26 | Castle |
| 8:36 | Rifleman |
| 8:39 | Black Gunpowder |
| 9:19 | Rifleman |
| 9:22 | Studded Leather Armor |
| 9:40 | Gryphon Aviary |
| 9:53 | Workshop |
| 9:58 | Workshop |
| 10:12 | Bash |
| 10:22 | Rifleman |
| 10:25 | Refined Gunpowder |
| 10:27 | Farm |
| 10:28 | Farm |
| 10:31 | Improved Lumber Harvesting |
| 10:47 | Rifleman |
| 10:49 | Long Rifles |
| 10:58 | Farm |
| 11:05 | Barrage |
| 11:18 | Rifleman |
| 11:20 | Reinforced Leather Armor |
| 11:38 | Brilliance Aura |
| 11:57 | Storm Bolt |
| 12:08 | Rifleman |
| 12:12 | Fragmentation Shards |
| 12:20 | Farm |
| 12:29 | Imbued Gunpowder |
| 12:33 | Mortar Team |
| 12:34 | Mortar Team |
| 12:38 | Peasant |
| 12:38 | Peasant |
| 12:46 | Rifleman |
| 12:52 | Mortar Team |
| 13:33 | Mortar Team |
| 13:35 | Flare |
| 13:56 | Rifleman |
| 14:22 | Rifleman |
| 14:27 | Arcane Sanctum |
| 14:42 | Scroll of Regeneration |
| 14:50 | Scroll of Regeneration |
| 15:07 | Advanced Lumber Harvesting |
| 15:11 | Rifleman |
| 15:12 | Rifleman |
| 15:17 | Dragonhide Armor |
| 15:21 | Mortar Team |
| 16:02 | Mortar Team |
| 17:47 | Mortar Team |
| 17:51 | Bash |
| 18:10 | Mortar Team |
| 18:11 | Mortar Team |
| 18:52 | Mortar Team |
| 18:58 | Town Hall |
| 19:05 | Scroll of Regeneration |
| 19:26 | Siege Engine |
| 19:35 | Scroll of Town Portal |
| 19:59 | Peasant |
| 20:00 | Peasant |
| 20:05 | Siege Engine |
| 20:50 | Siege Engine |
| 21:16 | Farm |
| Select group | 561 |
| Right click | 405 |
| Select | 361 |
| Misc. action | 270 |
| Build/train/purchase | 119 |
| Chat | 78 |
| Assign group | 45 |
| Use ability | 21 |
| Minimap ping | 11 |
| Esc | 8 |
| Item give/drop | 1 |
⇛